 Dungeon Crawl Stone Soup version 0.29.1-12-g30fa7ad0bf (webtiles) character file.

Game seed: 13902091277848184030

630 MisterFreud the Twirler (level 7, -4/50 HPs)
             Began as a Formicid Gladiator on Dec 21, 2022.
             Killed by divine providence
             ... invoked by an orc priest
              (14 damage)
             ... on level 6 of the Dungeon.
             The game lasted 00:04:16 (4699 turns).

MisterFreud the Twirler (Formicid Gladiator)        Turns: 4699, Time: 00:04:17

Health: -4/50      AC:  9    Str: 20    XL:     7   Next: 77%
Magic:  7/7        EV: 27    Int:  8    God:
Gold:   49         SH: 11    Dex: 21    Spells: 6/6 levels left

rFire   . . .      SeeInvis +   w - +1 quarterstaff (drain)
rCold   . . .      Faith    .   p - +0 kite shield
rNeg    . . .      Spirit   .   g - +0 chain mail
rPois   .          Reflect  .   (helmet unavailable)
rElec   .          Harm     .   (no cloak)
rCorr   .          Rampage  .   (no gloves)
Will    .....                   (no boots)
Stlth   ..........              k - amulet of the acrobat
HPRegen 0.16/turn               r - +6 ring of dexterity
MPRegen 0.10/turn               u - +4 ring of evasion

@: acrobatic
A: permanent stasis, dig shafts and tunnels, antennae 3, four strong arms
a: Dig, Shaft Self


You were on level 6 of the Dungeon.
You visited 1 branch of the dungeon, and saw 6 of its levels.

You collected 191 gold pieces.
You spent 142 gold pieces at shops.

Inventory:

Hand Weapons
 a - a +0 quarterstaff
 w - a +1 quarterstaff of draining (weapon)
Missiles
 c - 3 throwing nets (quivered)
 d - 6 javelins
 j - 6 boomerangs
 l - 5 poisoned darts
 t - 2 curare-tipped darts
Armour
 b - a +0 leather armour
 g - a +0 chain mail (worn)
 p - a +0 kite shield (worn)
Jewellery
 k - an amulet of the acrobat (around neck)
 r - a +6 ring of dexterity (left hand)
 u - a +4 ring of evasion (right hand)
 v - a ring of wizardry
Wands
 n - a wand of flame (4)
Scrolls
 e - 5 scrolls of identify
 m - a scroll of summoning {unknown}
 o - a scroll of poison {unknown}
 q - 2 scrolls of enchant weapon {unknown}
 s - a scroll of acquirement {unknown}
Potions
 f - a potion of brilliance
 h - a potion of invisibility
 i - 4 potions of curing


   Skills:
 - Level 2.1 Fighting
 - Level 6.0 Staves
 - Level 2.0 Throwing
 + Level 4.7 Armour
 - Level 2.6 Dodging
 + Level 4.6 Shields


You had 6 spell levels left.
You didn't know any spells.
Your spell library contained the following spells:

 Spells                   Type           Power      Damage    Failure   Level
 Slow                     Hex            0%         N/A       100%        1
 Confusing Touch          Hex            0%         N/A       100%        3
 Vampiric Draining        Necr           0%         2d6       100%        3
 Iskenderun's Battlesphe  Conj           0%         2d6       100%        5
 Iron Shot                Conj/Erth      0%         9d1       100%        6
 Spellforged Servitor     Conj/Summ      0%         N/A       100%        7


Dungeon Overview and Level Annotations

Branches:
Dungeon (6/15)
 Temple: D:4-7

Altars:
Uskayaw
Wu Jian

Shops:
D:4 [=?*(


Innate Abilities, Weirdness & Mutations

You cannot be hasted, slowed, berserked, paralysed or teleported.
You can dig through walls and to a lower floor.
You have a pair of large antennae on your head. (SInv)
Your four strong arms can wield two-handed weapons with a shield.


Message History

You are too injured to fight recklessly!
Unknown command.
Unknown command.
The orc throws a stone.
You block the stone.
The orc priest looks braver for a moment.
Items here: )) [ †.
You are too injured to fight recklessly!
You block the orc's attack.
The orc priest calls down the wrath of Beogh upon you.
Pain shoots through your body!
* * * LOW HITPOINT WARNING * * *
You see here a hound corpse.
You hit the orc priest.
The orc priest is moderately wounded.
You block the orc's attack. You block the orc priest's attack.
You closely miss the orc priest.
The orc priest is moderately wounded.
The orc barely misses you.
The orc priest hits you but does no damage.
You hit the orc priest. You drain the orc priest.
The orc priest is almost dead.
The orc barely misses you. You block the orc priest's attack.
You sock the orc priest!
You kill the orc priest!
You block the orc's attack. The orc hits you but does no damage.
You thump the orc!
You kill the orc!
Things that are here:
a +0 mace; 6 stones You see here a hound corpse.
Items here: )) [ †.
You start resting.
An orc priest comes into view. It is wielding a +0 falchion.
The orc priest shouts!
The orc priest mumbles some strange prayers to Beogh against you.
Beogh smites you!
* * * LOW HITPOINT WARNING * * *
The orc priest calls down the wrath of Beogh upon you.
Beogh smites you!
You die...

#...........# ...
#...........# .....
#...###....##
#..... ##..##
##....# ....# #...#
###..## ##...#
...## #...## ##...#
...###
##...#########....#
.....##
##.......)).)...#
......##
##..@....)o)...#
.......##
############..#
........## ##...$
.........# ......
.........## P~~~♣..
..........##
{~~~~P.
...........#
~~.~~..
...........#
~~≈~~~♣
...........##


You could see an orc priest.

Vanquished Creatures
  A phantom (D:4)
  A bullfrog (D:6)
  A scorpion (D:5)
  2 orc priests (D:6)
  2 hounds
  3 jellies
  An iguana (D:6)
  2 orc wizards
  6 adders
  A shadow imp (D:6)
  4 worms
  A dart slug (D:1)
  11 orcs
  6 bats
  6 endoplasms
  5 giant cockroaches
  3 goblins
  3 hobgoblins
  4 jackals (D:1)
  7 kobolds
  3 quokkas
  3 ball pythons
  2 frilled lizards (D:3)
  3 rats
81 creatures vanquished.

Vanquished Creatures (others)
  5 plants (D:6)
5 creatures vanquished.

Grand Total: 86 creatures vanquished

Notes
Turn   | Place    | Note
-------+----------+-------------------------------------------
     0 | D:1      | MisterFreud the Formicid Gladiator began the quest for the
                  | Orb.
     0 | D:1      | Reached XP level 1. HP: 16/16 MP: 1/1
   229 | D:1      | Reached XP level 2. HP: 21/22 MP: 2/2
   732 | D:1      | Found a faded altar of an unknown god.
   767 | D:1      | Reached skill level 4 in Staves
   767 | D:1      | Reached XP level 3. HP: 23/27 MP: 3/3
  1690 | D:2      | Reached XP level 4. HP: 10/33 MP: 4/4
  1964 | D:2      | Reached skill level 1 in Armour
  2533 | D:3      | Reached skill level 5 in Staves
  2535 | D:3      | Reached XP level 5. HP: 20/38 MP: 5/5
  3003 | D:3      | Identified the +5 whip "Enump" {holy, rC++ Dex+5}
  3121 | D:3      | Identified the +2 spear "Plojy" {vorpal, rF+ Will+}
  3411 | D:4      | Found a hide-covered altar of Uskayaw.
  3469 | D:4      | Found Lucysas's General Store.
  3478 | D:4      | Found Cakhov's Antique Weapon Boutique.
  3558 | D:4      | Found Noatwan's Magic Scroll Shop.
  3567 | D:4      | Noticed a phantom
  3575 | D:4      | Killed a phantom
  3576 | D:4      | Reached XP level 6. HP: 38/44 MP: 6/6
  3666 | D:4      | Found an ornate altar of the Wu Jian Council.
  3768 | D:4      | Found Merchim's Jewellery Boutique.
  3774 | D:4      | Reached skill level 6 in Staves
  3862 | D:4      | Reached skill level 1 in Shields
  4059 | D:4      | Found Titotsaf's Antique Armour Emporium.
  4086 | D:5      | Entered Level 5 of the Dungeon
  4215 | D:4      | Bought a +1 quarterstaff of draining for 142 gold pieces
  4272 | D:5      | Reached XP level 7. HP: 50/50 MP: 7/7
  4699 | D:6      | Killed from afar by an orc priest

Illustrated notes

Levels and vault maps discovered:
D:1:      matt_arrival_grand_opening, layout_loops_corners,
          basic_ecumenical_altar
D:2:      layout_loops_ring
D:3:      layout_loops_corners
D:4:      layout_basic, pdpol_wu_jian_five_deadly_venoms,
          mainiacjoe_overflow_24_doors, serial_shops, nicolae_diamond_shop,
          nicolae_shop_trees, shop_fountains,
          nicolae_shop_temple_entry_statues_fountains, shop_statue,
          hangedman_decor_clover_reticule, serial_park_tiny_pond
D:5:      layout_cave_pools, cheibrodos_gnoll_hut, uniq_crazy_yiuf_cottage
D:6:      layout_layer_cave, ebering_ghost_xom, serial_bayou_pond_b,
          minmay_divided_ellipse

Skill      XL: |  1  2  3  4  5  6  7 |
---------------+----------------------+-----
Staves         | 4 5 6 |  6.0
Armour         | 1 2 3 4 |  4.7
Shields        | 2 4 |  4.6
Fighting       | |  2.1
Throwing       | |  2.0
Dodging        | |  2.6

Action                   |  1- 3 |  4- 6 |  7- 9 || total
-------------------------+-------+-------+-------++-------
Melee: Quarterstaff      |   109 |   109 |    41 ||   259
       Punch             |     1 |       |       ||     1
  Use: Scroll            |     2 |     2 |       ||     4
 Stab: Sleeping          |     2 |       |       ||     2
Armor: Leather armour    |    25 |       |       ||    25
       Chain mail        |    21 |    39 |    30 ||    90
Dodge: Dodged            |    76 |    38 |    25 ||   139
Block: Kite shield       |       |    13 |    37 ||    50
